 Dungeon Crawl Stone Soup version 0.20.0-15-g7f486f2 (webtiles) character file.

161 MackTheKnife the Chopper (level 5, -3/49 HPs)
             Began as a Naga Fighter on June 16, 2017.
             Slain by an ogre
             ... wielding a +0 giant club
              (27 damage)
             ... on level 4 of the Dungeon.
             The game lasted 00:02:50 (1839 turns).

MackTheKnife the Chopper (Naga Fighter)             Turns: 1839, Time: 00:02:51

Health: -3/49      AC: 10    Str: 19    XL:     5   Next: 42%
Magic:  5/5        EV:  6    Int:  9    God:
Gold:   127        SH:  8    Dex: 10    Spells: 4/4 levels left

rFire    . . .     SeeInvis +   a - +0 war axe
rCold    . . .     Gourm    .   c - +0 shield
rNeg     . . .     Faith    .   n - +3 ring mail
rPois    +         Spirit   .   k - +0 helmet
rElec    .         Reflect  .   (no cloak)
rCorr    .         Harm     .   j - +1 pair of gloves
MR       .....                  (no barding)
Stlth    ..........             i - amulet of rage
Regen    0.2/turn               (no ring)
MPRegen  0.1/turn               (no ring)

@: very slow
A: see invisible, deformed body, poison resistance, slowness 2, slow metabolism
1, spit poison 1, AC +1
a: Spit Poison, Evoke Berserk Rage


You were on level 4 of the Dungeon.
You were hungry.

You visited 1 branch of the dungeon, and saw 4 of its levels.

You collected 127 gold pieces.

Inventory:

Hand Weapons
 a - a +0 war axe (weapon)
Armour
 c - a +0 shield (worn)
 j - a +1 pair of gloves (worn)
 k - a +0 helmet (worn)
 n - a +3 ring mail (worn)
Jewellery
 i - an amulet of rage (around neck)
Scrolls
 g - 3 scrolls of remove curse {unknown}
 m - a scroll of amnesia {unknown}
 p - 3 scrolls of teleportation {unknown}
 r - a scroll of identify {unknown}
Potions
 b - 2 potions of mutation {unknown}
 d - a potion of might
 e - 3 potions of brilliance {unknown}
 h - a potion of haste {unknown}
 o - a potion of degeneration {unknown}
 q - a potion of curing {unknown}
Comestibles
 f - 3 bread rations
 l - 3 royal jellies


   Skills:
 - Level 3.0 Fighting
 + Level 5.4 Axes
 - Level 2.4 Armour
 - Level 0.1 Dodging
 - Level 2.4 Shields


You had 4 spell levels left.
You didn't know any spells.

Dungeon Overview and Level Annotations

Branches:
Dungeon (4/15)
 Temple: D:4-7

Altars:


Innate Abilities, Weirdness & Mutations

You cannot wear boots.
Your serpentine skin is tough. (AC +1)
You have supernaturally acute eyesight. (SInv)
Armour fits poorly on your strangely shaped body.
Your system is resistant to poisons. (rPois)
You cover ground very slowly.
You have a slow metabolism.
You can spit poison.


Message History

You closely miss the phantom.
The phantom hits you but does no damage.
You hit the phantom.
The phantom is lightly damaged.
The phantom barely misses you.
You hit the phantom but do no damage.
The phantom is lightly damaged.
The phantom hits you.
The phantom blinks!
No target in view!
No target in view!
An ogre comes into view. It is wielding a giant club.
The ogre shouts!
The ogre hits you with a giant club!
You fail to use your ability.
The phantom blinks!
The ogre hits you with a giant club.
Unknown command.
You block the ogre's attack.
You fail to use your ability.
The ogre hits you with a giant club!!
Ouch! That really hurt!
You die...

.... .... ..
##... ###.##
.... #.... #
...#.#.#.#
#.#.#.#.#.#
#..<ยง.....#
#...W.#...#
#####@.# .
#...O..#
+...#..#
#...#..# ###
#..# ...#
.... .#.. #.
...


You could see a phantom and an ogre.

Vanquished Creatures
  2 orc wizards (D:3)
  An adder (D:2)
  An ooze (D:2)
  3 worms
  2 dart slugs (D:2)
  13 orcs (D:3)
  A giant cockroach (D:2)
  4 goblins
  8 hobgoblins
  4 jackals (D:2)
  8 kobolds
  A quokka (D:3)
  A ball python (D:3)
  8 bats
  5 frilled lizards
  6 rats
68 creatures vanquished.

Notes
Turn   | Place    | Note
-------+----------+-------------------------------------------
     0 | D:1      | MackTheKnife the Naga Fighter began the quest for the Orb.
     0 | D:1      | Reached XP level 1. HP: 21/21 MP: 1/1
    82 | D:1      | Reached XP level 2. HP: 21/28 MP: 2/2
   429 | D:1      | Reached skill level 3 in Axes
   583 | D:2      | Reached XP level 3. HP: 20/34 MP: 3/3
   970 | D:2      | Reached skill level 4 in Axes
  1187 | D:2      | Reached XP level 4. HP: 41/42 MP: 4/4
  1536 | D:3      | Reached skill level 5 in Axes
  1536 | D:3      | Reached XP level 5. HP: 39/49 MP: 5/5
  1829 | D:4      | Noticed a phantom
  1835 | D:4      | Noticed an ogre
  1839 | D:4      | Slain by an ogre

Skill      XL: |  1  2  3  4 |
---------------+-------------+-----
Axes           | 3 4 5 |  5.4
Fighting       | |  3.0
Armour         | |  2.4
Dodging        | |  0.1
Shields        | |  2.4

Action                   |  1- 3 |  4- 6 || total
-------------------------+-------+-------++-------
Melee: War axe           |   108 |    91 ||   199
 Abil: Spit Poison       |     2 |     1 ||     3
  Eat: Chunk             |       |     2 ||     2
Armor: Scale mail        |    50 |       ||    50
       Ring mail         |     8 |    50 ||    58
Dodge: Dodged            |    35 |    23 ||    58
Block: Shield            |    73 |    45 ||   118
